Unix NetHack Version 5.0.0-0 post-release - last build May  4 2026 22:22:43 (774f63e81ad911689b3a0859ea89b322d5daca8d,branch:main).

Game began 2026-05-09 10:05:41, ended 2026-05-09 10:33:40.

246786432, chaotic female human Barbarian

                                 --------------           ------------
     ---------------            #........^.....#  ########.........(.|
     |!!!!!!!!!!!!.|            #|.......>....|####       |..<.......|
     |!!!]!!!!!!!!.|            #|........e@o..#          -------|----
     |!!!!!!!!!!!!.-#           #--------------#                 ###
     |!!!!!!!!!!!!.|#           #              #                   #
     |!!!!!!!!!!!!.|#           #             ##                   #
     ---------------#           #             #-----########       #
                    #           #             #|...|#    --.-------+-
                    ##   -------#             #|...|     |..........|
                     ##  |.....|#             #..{..#####...........|
                      ## |.....|#              -----     |..........|
                       ##|.....|#                        |..........|
                        #|......#                        ------------
                        #-.....|
                         -------

246786432 the Pillager     St:18/01 Dx:18 Co:18 In:7 Wi:7 Ch:7  Chaotic
Dlvl:3  $:42 HP:0(51) Pw:9(9) AC:7  Xp:4 T:1992 

Latest messages:
 Blecch!  Rotten food!
 You finish eating the food ration.
 You swap places with Idefix.
 You descend the stairs.
 You kill the gecko!
 You see here a gecko corpse.
 You see here a gecko corpse.
 C - a gecko corpse.
 You hear a slow drip.
 You hear a gurgling noise.
 You find a hidden door.
 You hear the chime of a cash register.
 You hear the chime of a cash register.
 You kill the iguana!
 You kill the jackal!
 You kill the jackal!
 You see here a jackal corpse.
 D - a jackal corpse.
 The fox bites!
 You kill the fox!
 You smite the floating eye!
 You are frozen by the floating eye's gaze!
 You are hit by an orcish dagger.
 The goblin hits!
 The goblin hits!
 The goblin hits!
 The goblin hits!
 The goblin hits!
 The goblin hits!
 The goblin hits!
 The goblin hits!
 The goblin hits!
 The goblin hits!
 The goblin hits!
 The goblin hits!
 The goblin hits!
 The goblin hits!
 The goblin hits!
 The goblin hits!
 The goblin hits!
 The goblin hits!
 The goblin hits!
 The goblin hits!
 The goblin hits!
 You die...
 Do you want your possessions identified? [ynq] (y) y
 Do you want to see your attributes? [ynq] (y) y
 Do you want an account of creatures vanquished? [ynaq] (y) y
 Do you want to see your conduct and achievements? [ynq] (y) y
 Do you want to see the dungeon overview? [ynq] (y) y

Inventory:
 Coins    ('$')
  $ - 42 gold pieces
 Weapons  (')')
  w - a +0 sling
  p - 6 +0 darts
  m - a blessed +1 dagger
  j - a blessed +0 elven spear
  e - a +0 orcish dagger
  a - a +0 battle-axe (weapon in hands)
  b - a +0 short sword (alternate weapon; not wielded)
 Armor    ('[')
  f - an uncursed greased +2 orcish helm
  c - an uncursed +0 ring mail (being worn)
 Comestibles  ('%')
  d - 2 uncursed food rations
  C - an uncursed gecko corpse
  D - an uncursed jackal corpse
  v - an uncursed lichen corpse
 Potions  ('!')
  s - an uncursed potion of water
 Rings    ('=')
  o - an uncursed ring of protection from shape changers
 Wands    ('/')
  A - a wand of nothing (0:8)
 Tools    ('(')
  x - an uncursed towel
 Gems/Stones  ('*')
  h - an uncursed worthless piece of blue glass
  l - 2 uncursed worthless pieces of yellow glass
  y - 4 uncursed flint stones

246786432 the Barbarian's attributes:

Background:
 You were a Pillager, a level 4 female human Barbarian.
 You were chaotic, on a mission for Set
 who was opposed by Mitra (lawful) and Crom (neutral).
 You were right-handed.
 You were in the Dungeons of Doom, on level 3.
 You entered the dungeon 1992 turns ago.
 You had 96 experience points, 64 more were needed to attain level 5.

Basics:
 You had 0 out of 51 hit points.
 You had all 9 energy points (spell power).
 Your armor class was 7.
 Your wallet contained 42 zorkmids.
 Autopickup was off.

Final Characteristics:
 Your strength was 18/01 (limit:18/100).
 Your dexterity was 18 (limit:18).
 Your constitution was 18 (limit:18).
 Your intelligence was 7 (limit:18).
 Your wisdom was 7 (limit:18).
 Your charisma was 7 (limit:18).

Final Status:
 You weren't hungry.
 You were unencumbered.
 You were wielding an axe.
 You had basic skill with axe.

Final Attributes:
 You were devoutly aligned.
 You were poison resistant.
 You were warded.
 You are dead.

Miscellaneous:
 You didn't encounter any bones levels.
 Total elapsed playing time was 27 minutes and 58 seconds.

Major events:
 Turn
    1: 246786432 the chaotic female human Barbarian entered the dungeon
  901: attained the rank of Pillager (level 3)
 1992: killed by a goblin, while frozen by a floating eye's gaze

You didn't know any spells.

Skills:
 Fighting Skills
   bare handed combat [Basic]
   two weapon combat  [Unskilled]
   riding             [Unskilled]
 Weapon Skills
   dagger             [Unskilled]
   axe                [Basic]
   pick-axe           [Unskilled]
   short sword        [Basic]
   broadsword         [Unskilled]
   long sword         [Unskilled]
   two-handed sword   [Unskilled]
   saber              [Unskilled]
   club               [Unskilled]
   mace               [Unskilled]
   morning star       [Unskilled]
   flail              [Unskilled]
   hammer             [Unskilled]
   quarterstaff       [Unskilled]
   spear              [Unskilled]
   trident            [Unskilled]
   bow                [Unskilled]
 Spellcasting Skills
   attack spells      [Unskilled]
   escape spells      [Unskilled]

Voluntary challenges:
 Character rerolling was not enabled.
 You were illiterate.
 You never genocided any monsters.
 You never polymorphed an object.
 You never changed form.
 You used no wishes.
Achievements:
 You entered a shop.
 You attained the rank of Pillager.

 The Dungeons of Doom: levels 1 to 4
    Level 1:
    Level 2:
       A tool shop, a fountain.
    Level 3: <- You were here.
       A potion shop, a sink.
       Final resting place for
          you, killed by a goblin, while frozen by a floating eye's gaze.
    Level 4:


Vanquished creatures:
  2 iguanas
  a gas spore
  2 hobbits
  a large kobold
  2 giant rats
  2 cave spiders
  2 yellow molds
  a red mold
  a gecko
  2 jackals
  2 foxes
  a goblin
  4 sewer rats
  2 bats
  2 lichens
  3 newts
30 creatures vanquished.

No species were genocided or became extinct.

Game over:
                       ----------
                      /          \
                     /    REST    \
                    /      IN      \
                   /     PEACE      \
                  /                  \
                  |    246786432     |
                  |      42 Au       |
                  |   killed by a    |
                  |      goblin      |
                  |                  |
                  |                  |
                  |       2026       |
                 *|     *  *  *      | *
        _________)/\\_//(\/(/\)/\//\/|_)_______

Goodbye 246786432 the Barbarian...

You died in The Dungeons of Doom on dungeon level 3 with 572 points,
and 42 pieces of gold, after 1992 moves.
You were level 4 with a maximum of 51 hit points when you died.

